AoeStats
← fornies03

Arena

510189083Analyzed
1v1 RM · 3d ago on Sep 29, 2026· 60m 22s· 2 players
Game mode
Random Map
Map size
Tiny (2 player)
Population
200
Speed
Normal
Resources
Standard
Victory
Conquest
Starting age
Dark Age
Ending age
Imperial Age
RankedLock teamsTeams togetherTeam positionsShared explorationLock speedFull tech treeHidden civsTurbo modeCheats
Victory
Defeat
🇪🇸 Britons · Spain
513
+15
🇦🇷 Byzantines · Argentina
484
-15
svallejos050
17:01 Feudal Age
17:51 Double-Bit Axe
18:13 Horse Collar
18:34 Stone Mining
23:15 Fletching
23:26 Padded Archer Armor
26:11 Castle Age
26:18 Castle Age
29:31 Elite Skirmisher
41:56 Imperial Age
44:12 Forging
43:58 Bodkin Arrow
44:18 Leather Archer Armor
44:04 Scale Mail Armor
44:10 Scale Barding Armor
44:18 Forging
45:48 Thumb Ring
47:30 Chemistry
46:51 Ballistics
50:06 Bracer
50:37 Ring Archer Armor
51:37 Wheelbarrow
53:41 Elite Varangian Guard
54:08 Arson
55:59 Squires
55:45 Gambesons
55:48 Treadmill Crane
fornies03
5:01 Loom
16:55 Feudal Age
18:41 Wheelbarrow
17:52 Town Watch
17:50 Horse Collar
17:55 Double-Bit Axe
18:04 Gold Mining
18:06 Stone Mining
18:19 Man-at-Arms
18:45 Arson
21:15 Forging
21:06 Scale Mail Armor
24:48 Scale Mail Armor
24:48 Padded Archer Armor
24:39 Fletching
28:42 Castle Age
32:38 Bodkin Arrow
32:58 Leather Archer Armor
33:19 Iron Casting
32:59 Chain Mail Armor
33:00 Hand Cart
32:45 Town Patrol
32:09 Long Swordsman
32:09 Pikeman
32:35 Gambesons
32:50 Squires
32:12 Elite Skirmisher
32:54 Heavy Plow
33:05 Bow Saw
33:32 Gold Shaft Mining
37:21 Ballistics
36:52 Guard Tower
37:12 Fortified Wall
36:58 Murder Holes
36:43 Treadmill Crane
37:14 Masonry
40:58 Imperial Age
41:25 Yeomen
41:10 Crossbowman
41:16 Elite Longbowman
42:33 Hoardings
42:19 Conscription
41:27 Capped Ram
50:26 Bracer
50:56 Ring Archer Armor
Connection lost

Rejoining the realm…

Still unreachable

The connection could not be restored.

Session expired

The server has moved on; the page needs a fresh start.